 Dungeon Crawl Stone Soup version 0.18.1-8-gdd0e5ea (webtiles) character file.

17 tyvek the Poker (level 2, -2/23 HPs)
             Began as a Merfolk Skald on May 22, 2016.
             Slain by a hobgoblin
             ... wielding a +0 club
              (5 damage)
             ... on level 2 of the Dungeon.
             The game lasted 00:00:53 (820 turns).

tyvek the Poker (Merfolk Skald)                      Turns: 820, Time: 00:00:54

Health: -2/23      AC:  3    Str: 12    XL:     2   Next: 62%
Magic:  12/14      EV: 12    Int: 11    God:
Gold:   51         SH:  0    Dex: 13    Spells: 1 memorised, 4 levels left

rFire  . . .     SeeInvis .     a - +0 spear
rCold  . . .     Gourm    .     b - +0 leather armour
rNeg   . . .     Faith    .     (no shield)
rPois  .         Spirit   .     (no helmet)
rElec  .         Dismiss  .     (no cloak)
rCorr  .         Reflect  .     (no gloves)
SustAt .         Harm     .     (no boots)
MR     .....                    (no amulet)
Stlth  +.........               (no ring)
                                e - ring of magical power {MP+9}

@: infused, not resistant to hostile enchantments, very unstealthy
A: change form in water, swift swim
a: no special abilities


You were on level 2 of the Dungeon.
You were not hungry.

You visited 1 branch of the dungeon, and saw 2 of its levels.

You collected 51 gold pieces.

Inventory:

Hand Weapons
 a - a +0 spear (weapon)
Armour
 b - a +0 leather armour (worn)
Jewellery
 e - a ring of magical power (left hand) {MP+9}
   (You found it on level 1 of the Dungeon)
Potions
 f - a potion of lignification {unknown}
Books
 c - a book of Battle
Comestibles
 d - a bread ration {@e1}
 g - a meat ration {@e2}


   Skills:
 + Level 2.4 Fighting
 * Level 4.0 Polearms
 - Level 0.6 Armour
 + Level 2.0 Dodging
 - Level 2.0 Spellcasting
 - Level 3.2 Charms


You had 4 spell levels left.
You knew the following spells:

 Your Spells              Type           Power        Failure   Level  Hunger
a - Infusion              Chrm           #...         12%         1    ##.....


Dungeon Overview and Level Annotations

Branches:
Dungeon (2/15)

Altars:


Message History

You open the door.
There is an open door here.
As you open the door, it creaks loudly!
There is an open door here.
Found a stone staircase leading down.
No target in view!
A rat comes into view.
A rat is nearby!
Attack whom?
Aim: a rat You reach to attack!
You closely miss the rat. You hit the rat but do no damage. The rat bites you.
You take 2 damage, and have 21/23 hp.
A rat is nearby!
You hit the rat.
You kill the rat!
Your Dodging skill increases to level 2!
Done exploring.
No target in view!
Done exploring.
No target in view!
Done exploring.
No target in view!
Done exploring.
No target in view!
Done exploring.
No target in view!
Done exploring.
No target in view!
Done exploring.
No target in view!
Done exploring.
(D) Dungeon
Where to? (? - help)
There is a stone staircase leading down here.
You climb downwards.
There is a stone staircase leading up here.
You climb upwards.
There is a stone staircase leading down here.
Health restored: 23
(D) Dungeon
Where to? (Enter - D:2, ? - help)
Okay, then.
Unknown command.
You climb downwards.
There is a stone staircase leading up here.
A hobgoblin comes into view.
The hobgoblin shouts!
A hobgoblin comes into view. It is wielding a club.
The hobgoblin shouts!
A kobold comes into view.
There are monsters nearby!
A kobold comes into view.
The kobold shouts!
The kobold throws a stone.
The stone hits you.
You see here a stone.
There are monsters nearby!
You closely miss the hobgoblin. The hobgoblin hits you.
You take 4 damage, and have 19/23 hp.
There are monsters nearby!
You closely miss the hobgoblin. The hobgoblin hits you.
You take 1 damage, and have 18/23 hp.
There are monsters nearby!
You hit the hobgoblin but do no damage. The hobgoblin closely misses you. x2
There are monsters nearby!
You barely miss the hobgoblin. The hobgoblin closely misses you.
There are monsters nearby!
You completely miss the hobgoblin. The hobgoblin hits you.
You take 1 damage, and have 17/23 hp.
You hit the hobgoblin.
The hobgoblin hits you but does no damage.
The hobgoblin hits you. The kobold barely misses you.
You take 2 damage, and have 15/23 hp.
You barely miss the hobgoblin. The hobgoblin misses you.
The hobgoblin barely misses you. The kobold hits you.
You take 1 damage, and have 14/23 hp.
You begin infusing your attacks with magical energy.
The kobold closely misses you. The kobold misses you. The hobgoblin hits you.
The hobgoblin misses you.
You take 1 damage, and have 13/23 hp.
You now have 13/14 mp.
You are too injured to fight recklessly!
You are too injured to fight recklessly!
You hit the hobgoblin.
You kill the hobgoblin!
The kobold hits you. x2; The hobgoblin closely misses you.
You take 2 damage, and have 11/23 hp.
You now have 12/14 mp.
You hit the kobold. The kobold hits you. The kobold completely misses you.
The hobgoblin hits you but does no damage.
You take 2 damage, and have 9/23 hp.
You closely miss the kobold. The kobold hits you. The kobold barely misses you.
You take 1 damage, and have 8/23 hp.
You barely miss the kobold. The hobgoblin barely misses you.
The kobold hits you. The kobold barely misses you.
You take 1 damage, and have 7/23 hp.
You miss the kobold. The hobgoblin hits you with a club.
* * * LOW HITPOINT WARNING * * *
The kobold barely misses you. The kobold misses you.
You take 4 damage, and have 3/23 hp.
You closely miss the kobold. The hobgoblin hits you with a club.
You die...

###.#....
#.....#..
#.##.....[.
#.##.....###
#.##........
#.#.........
###.#..K......
(..+.@g......
#.#..K...(..
#<.....#####
#.##...#
#.##...#
.......#
#..#....#
#.......# ....
..##


You could see a hobgoblin and 2 kobolds.

Vanquished Creatures
  2 giant cockroaches (D:1)
  2 goblins (D:1)
  2 hobgoblins
  A kobold (D:1)
  4 giant newts (D:1)
  7 rats (D:1)
18 creatures vanquished.

Notes
Turn   | Place    | Note
--------------------------------------------------------------
     0 | D:1      | tyvek the Merfolk Skald began the quest for the Orb.
     0 | D:1      | Reached XP level 1. HP: 16/16 MP: 3/3
   292 | D:1      | Reached XP level 2. HP: 18/22 MP: 5/5
   626 | D:1      | Reached skill level 4 in Polearms
   773 | D:1      | Reached skill level 2 in Dodging
   819 | D:2      | HP: 3/23 [hobgoblin/club (4)]
   820 | D:2      | Slain by a hobgoblin

Skill      XL: |  1  2 |
---------------+-------+-----
Polearms       | 4 |  4.0
Dodging        | 2 |  2.0
Fighting       | |  2.4
Armour         | |  0.6
Spellcasting   | |  2.0
Charms         | |  3.2

Action                   || total
-------------------------++-------
Melee: Spear             ||    68
 Cast: Infusion          ||     1
 Stab: Sleeping          ||     1
Armor: Leather armour    ||    10
Dodge: Dodged            ||    31

Vault maps used:
D:1:      roderic_dead_forest, minmay_crystal_room, minmay_misc_feat_rows
D:2:      lemuel_coloured_pillars_altar, ecumenical_altar_1

Table legend:
 A = Turns spent in this place as a percentage of turns spent in the entire game.
 B = Non-inter-level travel turns spent in this place as a percentage of non-inter-level travel turns spent in the entire game.
 C = Inter-level travel turns spent in this place as a percentage of turns spent in this place.
 D = Turns resting spent in this place as a percentage of non-inter-level travel turns spent in this place.
 E = Turns spent auto-exploring this place as a percentage of non-inter-level travel turns spent in this place.
 F = Non-inter-level travel turns spent in this place divided by the number of levels of this place that you've seen.
                   A       B       C       D       E      F
               +-------+-------+-------+-------+-------+----------------------
         Total | 100.0 | 100.0 |   0.4 |   0.9 |  14.5 | 117.5
       Dungeon | 100.0 | 100.0 |   0.4 |   0.9 |  14.5 | 117.5
               +-------+-------+-------+-------+-------+----------------------

Table legend:
 A = Kills in this place as a percentage of kills in entire the game.
 B = Kills by you in this place as a percentage of kills by you in the entire game.
 C = Kills by friends in this place as a percentage of kills by friends in the entire game.
 D = Other kills in this place as a percentage of other kills in the entire game.
 E = Experience gained in this place as a percentage of experience gained in the entire game.
 F = Experience gained in this place divided by the number of levels of this place that you have seen.
                   A       B       C       D       E      F
               +-------+-------+-------+-------+-------+----------------------
         Total | 100.0 | 100.0 |  -nan |  -nan | 100.0 |  12.5
       Dungeon | 100.0 | 100.0 |  -nan |  -nan | 100.0 |  12.5
               +-------+-------+-------+-------+-------+----------------------
